 Dungeon Crawl Stone Soup version 0.26-b1-32-g5d43845318 (webtiles) character file.

Game seed: 4962209822517656763

33 theswoord the Firebug (level 3, -15/28 HPs)
             Began as a Naga Fire Elementalist on Jan 10, 2021.
             Demolished by an ogre
             ... wielding a cursed -3 giant club
              (27 damage)
             ... on level 2 of the Dungeon.
             The game lasted 00:04:20 (1492 turns).

theswoord the Firebug (Naga Fire Elementalist)      Turns: 1492, Time: 00:04:20

Health: -15/28     AC:  2    Str: 10    XL:     3   Next: 29%
Magic:  4/6        EV: 10    Int: 16    God:
Gold:   18         SH:  0    Dex: 11    Spells: 6/7 levels left

rFire    . . .     SeeInvis +   e - +0 whip (venom)
rCold    . . .     Faith    .   (no shield)
rNeg     . . .     Spirit   .   a - +0 robe
rPois    +         Reflect  .   (no helmet)
rElec    .         Harm     .   (no cloak)
rCorr    +         Rampage  .   (no gloves)
Will     .....                  (no barding)
Stlth    ++........             (no amulet)
HPRegen  0.09/turn              m - ring of resist corrosion
MPRegen  0.10/turn              (no ring)

@: very slow
A: large, see invisible, deformed body, poison resistance, slowness 2, spit
poison 1, AC +1
a: Spit Poison


You were on level 2 of the Dungeon.
You visited 1 branch of the dungeon, and saw 2 of its levels.

You collected 18 gold pieces.

Inventory:

Hand Weapons
 e - a +0 whip of venom (weapon)
Armour
 a - a +0 robe (worn)
 f - a scarf of repulsion
Jewellery
 m - a ring of resist corrosion (left hand)
Scrolls
 d - a scroll of enchant armour {unknown}
 g - 2 scrolls of identify {unknown}
 h - a scroll of blinking {unknown}
 i - 3 scrolls of random uselessness {unknown}
 j - a scroll of remove curse {unknown}
 k - a scroll of enchant weapon {unknown}
 l - a scroll of magic mapping {unknown}
Potions
 b - a potion of lignification {unknown}
 c - a potion of attraction {unknown}
 n - 2 potions of curing {unknown}


   Skills:
 - Level 1.5 Dodging
 - Level 3.0 Stealth
 + Level 2.5 Spellcasting
 + Level 1.9 Conjurations
 + Level 3.4 Fire Magic


You had 6 spell levels left.
You knew the following spells:

 Your Spells              Type           Power        Failure   Level
a - Foxfire               Conj/Fire      40%          6%          1

Your spell library contained the following spells:

 Spells                   Type           Power        Failure   Level
 Conjure Flame            Conj/Fire      10%          19%         3
 Inner Flame              Hex/Fire       7%           28%         3
 Sticky Flame             Conj/Fire      10%          54%         4
 Fireball                 Conj/Fire      5%           87%         5


Dungeon Overview and Level Annotations

Branches:
Dungeon (2/15)

Altars:


Innate Abilities, Weirdness & Mutations

You cannot wear boots.
Your serpentine skin is tough. (AC +1)
You have supernaturally acute eyesight. (SInv)
Armour fits poorly on your strangely shaped body.
Your system is resistant to poisons. (rPois)
You cover ground very slowly.
You can spit poison.


Message History

* * * LOW HITPOINT WARNING * * *
An ogre is nearby!
Press: ? - help, Q - select action, (/) - cycle Shift-Dir - straight line, f - ogre
Aim: an ogre, wielding a -3 giant club The splash of poison hits the ogre!
The ogre is poisoned.
The ogre is moderately wounded.
The foxfire hits the ogre.
The ogre is heavily wounded.
The foxfire hits the ogre.
The ogre is heavily wounded.
The ogre barely misses you.
You can't do that yet.
An ogre is nearby!
The ogre looks more healthy.
You hit the ogre.
The ogre is poisoned.
The ogre is severely wounded.
You have got your breath back.
The ogre hits you with a cursed -3 giant club!!
Ouch! That really hurt!
You die...

##.####### #.#
#.# #.# #.# #.#
#.# # #.#########
#.##..@.......
..##.#..O########
..........#
..####.†.## ##.##
#.# #.# #'# ...


You could see an ogre (very poisoned).

Vanquished Creatures
  An adder (D:2)
  A worm (D:2)
  A dart slug (D:1)
  6 bats (D:1)
  4 goblins (D:1)
  A hobgoblin (D:1)
  A kobold (D:1)
  A quokka (D:2)
  4 frilled lizards
20 creatures vanquished.

Vanquished Creatures (others)
  24 foxfires
24 creatures vanquished.

Grand Total: 44 creatures vanquished

Notes
Turn   | Place    | Note
-------+----------+-------------------------------------------
     0 | D:1      | theswoord the Naga Fire Elementalist began the quest for
                  | the Orb.
     0 | D:1      | Reached XP level 1. HP: 15/15 MP: 3/3
   261 | D:1      | Reached XP level 2. HP: 18/22 MP: 5/5
  1352 | D:2      | Reached XP level 3. HP: 23/28 MP: 2/6
  1480 | D:2      | Noticed an ogre
  1492 | D:2      | Demolished by an ogre

Action                   || total
-------------------------++-------
Melee: Whip              ||    26
 Cast: Foxfire           ||    21
 Abil: Spit Poison       ||    16
Armor: Robe              ||    14
Dodge: Dodged            ||    26

Levels and vault maps discovered:
D:1:      psy_arrival_whirlpool, layout_basic, feat_on_display
D:2:      layout_loops_corners, uniq_crazy_yiuf_cottage, uniq_jessica,
          uniq_robin
